 Dungeon Crawl Stone Soup version 0.22.1-2-g9c5b331 (webtiles) character file.

1082 Lilu the Destroyer (level 8, 0/41 HPs)
             Began as a Deep Elf Conjurer on Nov 15, 2018.
             Slain by Menkaure (8 damage)
             ... on level 5 of the Dungeon.
             The game lasted 00:14:07 (4448 turns).

Lilu the Destroyer (Deep Elf Conjurer)              Turns: 4448, Time: 00:14:08

Health: 0/41       AC:  2    Str:  5    XL:     8   Next: 8%
Magic:  9/21       EV: 13    Int: 23    God:
Gold:   195        SH:  0    Dex: 15    Spells: 15/22 levels left

rFire    . . .     SeeInvis .   y - staff of death
rCold    . . .     Gourm    .   (no shield)
rNeg     + . .     Faith    .   a - +0 robe
rPois    .         Spirit   .   (no helmet)
rElec    .         Reflect  .   (no cloak)
rCorr    .         Harm     .   (no gloves)
MR       .....                  (no boots)
Stlth    +++.......             l - amulet of regeneration
HPRegen  0.53/turn              k - ring of stealth
MPRegen  0.17/turn              (no ring)

@: no status effects
A: no striking features
a: no special abilities


You were on level 5 of the Dungeon.
You were hungry.

You visited 1 branch of the dungeon, and saw 5 of its levels.

You collected 195 gold pieces.

Inventory:

Armour
 a - a +0 robe (worn)
Magical Staves
 y - an uncursed staff of death (weapon)
Jewellery
 k - a ring of stealth (left hand)
 l - an amulet of regeneration (around neck)
Wands
 x - a wand of digging (16)
 z - a wand of paralysis (7)
Scrolls
 e - 4 scrolls of teleportation {unknown}
 g - 3 scrolls of blinking {unknown}
 h - 3 scrolls of remove curse {unknown}
 i - 3 scrolls of enchant weapon {unknown}
 j - 4 scrolls of identify {unknown}
 q - a scroll of amnesia {unknown}
 s - 2 scrolls of fog {unknown}
 t - a scroll of noise {unknown}
 u - a scroll of fear {unknown}
 v - a scroll of magic mapping {unknown}
Potions
 b - a potion of mutation {unknown}
 d - a potion of agility {unknown}
 f - 2 potions of ambrosia {unknown}
 n - 3 potions of might {unknown}
 o - 2 potions of brilliance {unknown}
 p - 2 potions of curing {unknown}
 r - 2 potions of lignification {unknown}
 w - a potion of magic {unknown}
Comestibles
 c - 10 rations
 m - 3 chunks of flesh


   Skills:
 - Level 2.4 Dodging
 - Level 2.4 Stealth
 + Level 7.6 Spellcasting
 * Level 9.6 Conjurations


You had 15 spell levels left.
You knew the following spells:

 Your Spells              Type           Power        Failure   Level  Hunger
a - Magic Dart            Conj           ####         1%          1    None
b - Searing Ray           Conj           ######       1%          2    None
c - Iskenderun's Mystic   Conj           ######..     1%          4    ###....

Your spell library contained the following spells:

 Spells                   Type           Power        Failure   Level  Hunger
 Dazzling Spray           Conj/Hex       ####..       3%          3    None
 Animate Skeleton         Necr           N/A          7%          1    None
 Pain                     Necr           ##..         7%          1    None
 Force Lance              Conj/Tloc      ####....     10%         4    ###....
 Fulminant Prism          Conj/Hex       ####......   10%         4    ###....
 Regeneration             Chrm/Necr      ##........   22%         3    None
 Vampiric Draining        Necr           ##........   22%         3    None
 Animate Dead             Necr           N/A          56%         4    ###....


Dungeon Overview and Level Annotations

Branches:
Dungeon (5/15)
 Temple: D:4-7

Altars:
Dithmenos
Kikubaaqudgha
Okawaru

Shops:
D:4 =

Annotations:
D:2 Sigmund
D:4 Dowan, Duvessa
D:5 Menkaure


Message History

You kill the gnoll!
You finish channeling your searing ray.
Casting: Searing Ray (safe; 1% risk of failure)
Confirm with . or Enter, or press ? or * to list all spells.
Aiming: Searing Ray (safe; 1% risk of failure)
Press: ? - help, Shift-Dir - straight line, f - Menkaure
Aim: Menkaure (fast)
The searing ray hits Menkaure.
Menkaure is moderately damaged. (Press . to maintain the ray.)
The searing ray hits Menkaure.
Menkaure is severely damaged.
Menkaure grins.
Menkaure hits you!
* * * LOW HITPOINT WARNING * * *
A bullfrog skeleton comes into view.
The searing ray hits Menkaure.
Menkaure is severely damaged.
Menkaure hits you!
You die...

#.#.####.#.#.# #.#...#
#.#......#.#'#+######.###.#.
#.######.#......##..........
#. .............##..........
.####.##.)...##......#...
...###)#+###......#.#. ###.#
#)# ##'###.#.##
...#.###M#.####.###.#.##
....>..@................
.......$.#.####.........
.....#####..............
Z... ########....... ...
###........... ..
......)<...... .
........###### ....##### #
....


You could see Menkaure and a bullfrog skeleton.

Vanquished Creatures
  2 sky beasts
  4 ogres
  A bullfrog (D:4)
  A hound (D:4)
  An orc priest (D:4)
  A gnoll shaman (D:5)
  An iguana (D:4)
  An orc wizard (D:4)
  4 worker ants
  A hound zombie (D:5)
  9 gnolls
  3 adders
  2 shadow imps (D:5)
  2 oozes
  3 worms (D:2)
  4 dart slugs
  3 leopard geckos
  9 orcs
  A giant cockroach (D:4)
  9 goblins
  11 hobgoblins
  11 jackals
  5 quokkas
  6 bats
  6 frilled lizards
  A jackal skeleton (D:4)
  7 kobolds
  A quokka zombie (D:5)
  12 rats
122 creatures vanquished.

Notes
Turn   | Place    | Note
-------+----------+-------------------------------------------
     0 | D:1      | Lilu the Deep Elf Conjurer began the quest for the Orb.
     0 | D:1      | Reached XP level 1. HP: 10/10 MP: 6/6
    98 | D:1      | Reached XP level 2. HP: 15/15 MP: 4/8
   351 | D:1      | Reached skill level 5 in Conjurations
   538 | D:1      | Reached XP level 3. HP: 16/19 MP: 7/10
   997 | D:1      | Learned a level 2 spell: Searing Ray
  1099 | D:2      | Found an ancient bone altar of Kikubaaqudgha.
  1276 | D:2      | Reached XP level 4. HP: 24/24 MP: 7/12
  1822 | D:2      | Reached skill level 6 in Conjurations
  1878 | D:2      | Noticed Sigmund
  2440 | D:3      | Found an iron altar of Okawaru.
  2484 | D:3      | Found a shadowy altar of Dithmenos.
  2597 | D:4      | Reached XP level 5. HP: 28/28 MP: 11/13
  2736 | D:4      | Noticed Dowan
  2743 | D:4      | Noticed Duvessa
  2817 | D:4      | Noticed an ogre
  2822 | D:4      | Killed an ogre
  2822 | D:4      | Reached skill level 5 in Spellcasting
  2822 | D:4      | Reached skill level 7 in Conjurations
  2822 | D:4      | Reached XP level 6. HP: 32/32 MP: 10/16
  3012 | D:4      | Found Moysihua's Jewellery Boutique.
  3177 | D:4      | Reached skill level 8 in Conjurations
  3177 | D:4      | Reached XP level 7. HP: 36/36 MP: 13/18
  3815 | D:4      | Learned a level 4 spell: Iskenderun's Mystic Blast
  3893 | D:5      | Entered Level 5 of the Dungeon
  3896 | D:5      | Reached skill level 9 in Conjurations
  4155 | D:5      | Reached XP level 8. HP: 41/41 MP: 15/21
  4435 | D:5      | Noticed Menkaure
  4448 | D:5      | Slain by Menkaure

Skill      XL: |  1  2  3  4  5  6  7 |
---------------+----------------------+-----
Conjurations   | 5 6 7 8 9 |  9.6
Spellcasting   | 4 5 6 7 |  7.6
Dodging        | |  2.4
Stealth        | |  2.4

Action                   |  1- 3 |  4- 6 |  7- 9 || total
-------------------------+-------+-------+-------++-------
Melee: Unarmed           |       |     1 |       ||     1
 Cast: Magic Dart        |    77 |    72 |    32 ||   181
       Searing Ray       |     1 |    13 |    15 ||    29
  Eat: Chunk             |     1 |     6 |     3 ||    10
Armor: Robe              |     5 |     1 |     2 ||     8
Dodge: Dodged            |     6 |     9 |    12 ||    27
